 Dungeon Crawl Stone Soup version 0.19-a0-1091-g463c9de (webtiles) character file.

226 FrancescoMac the Skirmisher (level 6, 0/49 HPs)
             Began as a Formicid Abyssal Knight on Aug 7, 2016.
             Was a Priest of Lugonu.
             Slain by a kobold
             ... wielding a +0 hand axe
              (4 damage)
             ... on level 3 of the Dungeon.
             The game lasted 00:07:32 (3067 turns).

FrancescoMac the Skirmisher (FoAK)                  Turns: 3067, Time: 00:07:33

Health: 0/49       AC:  3    Str: 17    XL:     6   Next: 21%
Magic:  8/8        EV: 12    Int: 11    God:    Lugonu [***...]
Gold:   88         SH:  0    Dex: 12    Spells: 0 memorised, 5 levels left

rFire  . . .     SeeInvis +     a - +1 falchion
rCold  . . .     Gourm    .     b - +0 leather armour
rNeg   . . .     Faith    .     (no shield)
rPois  +         Spirit   .     (helmet unavailable)
rElec  .         Dismiss  .     (no cloak)
rCorr  .         Reflect  .     (no gloves)
SustAt .         Harm     .     (no boots)
MR     .....                    (no amulet)
Stlth  +.........               (no ring)
                                k - ring of poison resistance

@:
A: permanent stasis, dig shafts and tunnels, four strong arms, antennae 3
a: Dig, Shaft Self, Depart the Abyss, Bend Space, Banish, Renounce Religion


You were on level 3 of the Dungeon.
You worshipped Lugonu.
Lugonu was most pleased with you.
You were hungry.

You visited 1 branch of the dungeon, and saw 3 of its levels.
You visited the Abyss 1 time.

You collected 88 gold pieces.

Inventory:

Hand Weapons
 a - a +1 falchion (weapon)
Armour
 b - a +0 leather armour (worn)
Jewellery
 k - a ring of poison resistance (left hand)
Scrolls
 i - a scroll of amnesia {unknown}
 l - a scroll of fog
 q - a scroll of noise {unknown}
 r - a scroll of remove curse {unknown}
 s - a scroll of teleportation
Potions
 e - a potion of cure mutation
 h - a potion of heal wounds {unknown}
 j - a potion of lignification
 m - a potion of might {unknown}
 o - a potion of curing
 p - a potion of mutation {unknown}
Comestibles
 c - 3 bread rations
 d - 4 fruits
 f - 2 meat rations
 g - 10 chunks of flesh


   Skills:
 + Level 4.4 Fighting
 + Level 3.1 Long Blades
 + Level 3.4 Armour
 + Level 2.5 Dodging
 + Level 3.4 Invocations


You had 5 spell levels left.
You didn't know any spells.

Dungeon Overview and Level Annotations

Branches:
Dungeon (3/15)

Altars:

Annotations:
D:3 Natasha, Robin


Innate Abilities, Weirdness & Mutations

You are under a permanent stasis effect.
You can dig through walls and to a lower floor.
Your four strong arms can wield two-handed weapons with a shield.
You have a pair of large antennae on your head. (SInv)


Message History

You riposte.
You hit the orc priest but do no damage.
The orc priest is severely wounded.
You hear an angry hiss.
A rat comes into view.
You hit the orc priest.
You kill the orc priest!
Lugonu accepts your kill.
You hit the hobgoblin.
You kill the hobgoblin!
Lugonu accepts your kill. The kobold hits you with a hand axe!
* * * LOW HITPOINT WARNING * * *
A rat comes into view.
You barely miss the kobold. The kobold hits you but does no damage.
The kobold hits you with a hand axe.
* * * LOW HITPOINT WARNING * * *
Natasha, Servant of Life and Death comes into view.
You hit the kobold but do no damage. The kobold hits you with a hand axe.
You die...

#..............
#...........###
#..............
#..)...........
#..............
#..............
#..............
#.######..............
#..5K@...#'####+#+#...
#.r#######.####.#.#...
..h
{............[...... .
...........#.#.#..#
{#######.##.#.#.#... {
#....#....<.# {
####......)..
#...#.##.# #...#.....


You could see Natasha, a shadow imp, a kobold (berserk) and a rat.

Vanquished Creatures
  An orc priest (D:3)
  Ijyb (D:3)
  3 gnolls (D:2)
  3 adders (D:2)
  2 oozes
  A worm (D:2)
  A dart slug (D:1)
  2 giant geckos
  An orc (D:3)
  8 bats
  7 giant cockroaches
  12 goblins
  10 hobgoblins
  14 jackals
  4 quokkas (D:2)
  A ball python (D:1)
  3 giant newts (D:2)
  9 kobolds
  4 rats
87 creatures vanquished.

Notes
Turn   | Place    | Note
-------+----------+-------------------------------------------
     0 | Abyss:1  | FrancescoMac the Formicid Abyssal Knight began the quest for the Orb.
     0 | Abyss:1  | Reached XP level 1. HP: 18/18 MP: 2/2
     7 | Abyss:1  | Found a corrupted altar of Lugonu.
    40 | Abyss:1  | Noticed an orange demon
    41 | D:1      | Escaped the Abyss
    94 | D:1      | Reached skill level 1 in Dodging
   120 | D:1      | Reached XP level 2. HP: 21/24 MP: 3/3
   265 | D:1      | Reached * piety under Lugonu
   585 | D:1      | Reached XP level 3. HP: 24/29 MP: 4/4
  1209 | D:2      | Reached XP level 4. HP: 24/37 MP: 6/6
  1245 | D:2      | Reached ** piety under Lugonu
  1709 | D:2      | Reached skill level 4 in Fighting
  2014 | D:2      | Reached XP level 5. HP: 29/42 MP: 7/7
  2614 | D:3      | Noticed Ijyb
  2625 | D:3      | Killed Ijyb
  2691 | D:3      | Reached *** piety under Lugonu
  2845 | D:3      | Noticed Robin
  2960 | D:3      | Reached XP level 6. HP: 49/49 MP: 8/8
  3067 | D:3      | Noticed Natasha
  3067 | D:3      | Slain by a kobold

Vault maps used:
D:1:      kennysheep_arrival_seaside
D:3:      marbit_many_paths, serial_bayou_pond_d, uniq_natasha, uniq_robin,
          uniq_iyjb, uniq_terence

Skill      XL: |  1  2  3  4  5 |
---------------+----------------+-----
Dodging        | 1 2 |  2.5
Invocations    | 3 |  3.4
Fighting       | 4 |  4.4
Armour         | 3 |  3.4
Long Blades    | 3 |  3.1

Action                   |  1- 3 |  4- 6 || total
-------------------------+-------+-------++-------
Melee: Falchion          |   124 |   252 ||   376
Invok: Depart the Abyss  |     1 |       ||     1
  Use: Scroll            |       |     4 ||     4
  Eat: Chunk             |     1 |     4 ||     5
       Royal jelly       |       |     1 ||     1
Armor: Leather armour    |    26 |    58 ||    84
Dodge: Dodged            |    71 |   120 ||   191
